 Dungeon Crawl Stone Soup version 0.28.0-47-ge53b351184 (webtiles) character file.

Game seed: 5466640061933493002

256 Peloso the Covered (level 5, -1/47 HPs)
             Began as a Minotaur Fighter on Apr 29, 2022.
             Was an Initiate of Okawaru.
             Slain by Duvessa
             ... wielding a +2 vampiric rapier
              (5 damage)
             ... on level 4 of the Dungeon.
             The game lasted 00:04:10 (3784 turns).

Peloso the Covered (Minotaur Fighter)               Turns: 3784, Time: 00:04:10

Health: -1/47      AC:  7    Str: 20    XL:     5   Next: 92%
Magic:  4/4        EV:  9    Int:  5    God:    Okawaru [......]
Gold:   67         SH:  5    Dex: 12    Spells: 4/4 levels left

rFire   . . .      SeeInvis +   a - +0 long sword
rCold   . . .      Faith    .   c - +0 buckler
rNeg    . . .      Spirit   .   b - +0 scale mail
rPois   .          Reflect  .   (helmet restricted)
rElec   .          Harm     .   (no cloak)
rCorr   .          Rampage  .   (no gloves)
Will    .....                   (no boots)
Stlth   ..........              (no amulet)
HPRegen 0.15/turn               g - ring of see invisible
MPRegen 0.09/turn               (no ring)

@: no status effects
A: horns 2, retaliatory headbutt
a: Renounce Religion


You were on level 4 of the Dungeon.
You worshipped Okawaru.
Okawaru was noncommittal.
You visited 2 branches of the dungeon, and saw 5 of its levels.

You collected 67 gold pieces.

Inventory:

Hand Weapons
 a - a +0 long sword (weapon)
Armour
 b - a +0 scale mail (worn)
 c - a +0 buckler (worn)
Jewellery
 g - a ring of see invisible (left hand)
 m - a ring of fire
Wands
 l - a wand of paralysis (6)
Scrolls
 e - a scroll of summoning {unknown}
 k - 2 scrolls of identify {unknown}
Potions
 d - a potion of might
 f - a potion of resistance {unknown}
 h - 2 potions of mutation {unknown}
 i - a potion of cancellation {unknown}
 j - 2 potions of degeneration {unknown}


   Skills:
 + Level 4.8 Fighting
 + Level 4.4 Long Blades
 + Level 5.1 Armour
 + Level 1.2 Dodging
 + Level 4.9 Shields


You had 4 spell levels left.
You didn't know any spells.
Your spell library contained the following spells:

 Spells                   Type           Power      Damage    Failure   Level
 Ensorcelled Hibernation  Hex/Ice        0%         N/A       95%         2
 Spider Form              Tmut/Pois      0%         N/A       99%         3
 Anguish                  Hex/Necr       0%         N/A       100%        4


Dungeon Overview and Level Annotations

Branches:
Dungeon (4/15)             Temple (1/1) D:4

Altars:
Ashenzari
Cheibriados
Dithmenos
Elyvilon
Fedhas
Gozag
Hepliaklqana
Kikubaaqudgha
Makhleb
Nemelex Xobeh
Okawaru
Ru
Sif Muna
Trog
Uskayaw
Vehumet
Wu Jian
Xom
Yredelemnul
Zin
The Shining One
Beogh

Annotations:
D:3 2 transporters
D:4 Dowan, Duvessa


Innate Abilities, Weirdness & Mutations

You have a pair of horns on your head.
You reflexively headbutt those who attack you in melee.


Message History

Duvessa barely misses you. You furiously retaliate!
You headbutt Duvessa.
Unknown command.
You hit Duvessa. Your headbutt misses Duvessa.
Duvessa is lightly wounded.
Duvessa hits you with a +2 vampiric rapier.
Duvessa draws strength from your wounds!
You hit Duvessa but do no damage. Your headbutt misses Duvessa.
Duvessa is lightly wounded.
Duvessa barely misses you.
Dowan points at Duvessa and mumbles some strange words.
Duvessa seems to speed up.
You closely miss Duvessa.
Duvessa is lightly wounded.
You block Duvessa's attack. x2
You closely miss Duvessa.
Duvessa is lightly wounded.
Duvessa hits you with a +2 vampiric rapier.
You block Dowan's attack.
Duvessa hits you with a +2 vampiric rapier.
Duvessa draws strength from your wounds!
You closely miss Duvessa.
Duvessa hits you with a +2 vampiric rapier.
Dowan casts a spell at you. The puff of frost hits you.
You block Duvessa's attack.
You slash Duvessa!
Duvessa is moderately wounded.
Dowan hits you with a +0 dagger. Duvessa barely misses you.
You furiously retaliate!
You headbutt Duvessa, but do no damage. You slash Duvessa!
Duvessa is heavily wounded.
You block Duvessa's attack. You block Dowan's attack.
Duvessa hits you with a +2 vampiric rapier!
Duvessa draws strength from your wounds!
Dowan casts a spell at you. The puff of flame hits you!
* * * LOW HITPOINT WARNING * * *
Dowan casts a spell.
Dowan blinks!
Duvessa barely misses you.
Duvessa hits you with a +2 vampiric rapier.
You die...

#.# .# #.##..##
#.#####.# #..#....
##.##....## #...###
##..##..#..# ##..#
####........#.# #.##
.......8)8.8.#.# ###.#
####....⌠.⌠e.#.###.))#
....#.8.>.8.#..##)###
#####..@.⌠.....#))## #
#.8e8.8.##.....### #
#.......##..##...###
##########..####...^
#.## ##### #.# ###


You could see Duvessa (fast) and Dowan.

Vanquished Creatures
  Blork the orc (D:4)
  7 gnolls
  3 adders
  2 dart slugs (D:1)
  6 orcs
  12 ball pythons
  4 bats
  5 endoplasms
  5 giant cockroaches
  5 goblins
  5 hobgoblins
  11 jackals
  3 kobolds
  3 quokkas
  5 frilled lizards
  10 rats
87 creatures vanquished.

Notes
Turn   | Place    | Note
-------+----------+-------------------------------------------
     0 | D:1      | Peloso the Minotaur Fighter began the quest for the Orb.
     0 | D:1      | Reached XP level 1. HP: 19/19 MP: 0/0
    75 | D:1      | Reached XP level 2. HP: 13/27 MP: 1/1
   877 | D:1      | Reached XP level 3. HP: 32/33 MP: 2/2
   926 | D:1      | Found a faded altar of an unknown god.
  1124 | D:2      | Reached skill level 4 in Armour
  1151 | D:2      | Found a hide-covered altar of Uskayaw.
  1323 | D:2      | Reached XP level 4. HP: 30/41 MP: 3/3
  2319 | D:3      | Reached XP level 5. HP: 47/47 MP: 4/4
  2323 | D:3      | Found a transporter.
  2435 | D:3      | Found a transporter.
  3012 | D:4      | Noticed Blork the orc
  3018 | D:4      | Killed Blork the orc
  3019 | D:4      | Reached skill level 5 in Armour
  3019 | D:4      | Reached skill level 1 in Dodging
  3292 | D:4      | Found a staircase to the Ecumenical Temple.
  3301 | Temple   | Entered the Ecumenical Temple
  3476 | Temple   | Became a worshipper of Warmaster Okawaru
  3543 | D:4      | Noticed Dowan
  3549 | D:4      | Noticed Duvessa
  3784 | D:4      | Slain by Duvessa

Illustrated notes

Levels and vault maps discovered:
D:1:      lightli_arrival_boilingwater, layout_basic,
          hellmonk_ecumenical_altar_defaced_shrine, hangedman_decor_push
D:2:      layout_basic, basic_altar
D:3:      gammafunk_steamed_eel, layout_loops_corners
D:4:      layout_rooms, minmay_temple_entry_statues_fountains, serial_curves,
          eino_curves_03, eino_curves_03, hex_medium, minmay_misc_feat_hallway,
          uniq_duvessa, uniq_blork_the_orc
Temple:   mainiacjoe_temple_starburst

Skill      XL: |  1  2  3  4  5 |
---------------+----------------+-----
Fighting       | 4 |  4.8
Shields        | 4 |  4.9
Long Blades    | 3 4 |  4.4
Armour         | 4 5 |  5.1
Dodging        | 1 |  1.2

Action                   |  1- 3 |  4- 6 || total
-------------------------+-------+-------++-------
Melee: Long sword        |    91 |   110 ||   201
       Headbutt          |     9 |    19 ||    28
Armor: Scale mail        |    48 |    34 ||    82
Dodge: Dodged            |    47 |    49 ||    96
Block: Buckler           |    26 |    32 ||    58
